 Dungeon Crawl Stone Soup version 0.31-a0-836-g3ceb0a68c4 (webtiles) character file.

Game seed: 9334224124553479280

5266 javelincjr the Protected (level 10, -14/79 HPs)
             Began as a Demonspawn Fighter on Sept 26, 2023.
             Was an Elder of Qazlal.
             Demolished by an ice devil (21 damage)
             ... on level 9 of the Dungeon.
             The game lasted 00:26:50 (7998 turns).

javelincjr the Protected (Demonspawn Fighter)       Turns: 7998, Time: 00:26:50

Health: -14/79     AC:  5    Str: 26    XL:     10   Next: 36%
Magic:  0/16       EV:  8    Int: 10    God:    Qazlal [****..]
Gold:   371        SH: 10    Dex: 13    Spells: 9/9 levels left

rFire   + . .        a - +0 trident
rCold   . . .        c - +0 buckler
rNeg    . . .        m - +2 plate armour {rF+}
rPois   .            (helmet restricted)
rElec   .            v - +0 cloak
rCorr   +            (no gloves)
SInv    .            (no boots)
Will    .....        (no amulet) Stlth
                     f - ring of resist corrosion
HPRegen 0.33/turn    l - +6 ring of strength
MPRegen 0.30/turn

%: repel missiles, guardian spirit
@: mighty, lethally poisoned (-14 -> -17), corroded, studying Armour
A: antennae 2, demonic guardian 1, magic shield, magic regeneration, inability
to drink after injury 1, inability to read after injury 1
a: Renounce Religion, Upheaval, Elemental Force


You were on level 9 of the Dungeon.
You worshipped Qazlal.
Qazlal was greatly pleased with you.
You visited 1 branch of the dungeon, and saw 9 of its levels.

You collected 426 gold pieces.
You spent 55 gold pieces at shops.

Inventory:

Hand Weapons
 a - a +0 trident (weapon)
 u - a +4 quarterstaff of chaos
Missiles
 i - 49 poisoned darts
 t - 5 boomerangs (quivered)
Armour
 b - a +0 scale mail
 c - a +0 buckler (worn)
 m - a +2 plate armour of fire resistance (worn)
 n - a +0 helmet
 q - a +3 ring mail
 v - a +0 cloak (worn)
 w - an orb of wrath
 F - a +3 ring mail of poison resistance
Jewellery
 f - a ring of resist corrosion (left hand)
 j - an amulet of faith
 l - a +6 ring of strength (right hand)
 p - a ring of protection from fire
 K - a ring of poison resistance
Wands
 s - a wand of light (16)
 E - a wand of iceblast (10)
 N - a wand of digging (6)
Scrolls
 e - 12 scrolls of identify {unknown}
 g - a scroll of fog {unknown}
 o - a scroll of poison {unknown}
 x - a scroll of torment {unknown}
 y - 2 scrolls of teleportation {unknown}
 C - a scroll of noise {unknown}
 D - 2 scrolls of enchant weapon {unknown}
 G - a scroll of vulnerability {unknown}
 I - a scroll of fear {unknown}
 L - 3 scrolls of enchant armour {unknown}
 O - a scroll of amnesia {unknown}
Potions
 d - a potion of might
 h - 2 potions of attraction {unknown}
 r - 2 potions of berserk rage {unknown}
 z - a potion of haste {unknown}
 A - a potion of lignification {unknown}
 B - a potion of resistance {unknown}
 H - a potion of brilliance {unknown}
 J - a potion of curing {unknown}
 M - a potion of enlightenment {unknown}


   Skills:
 + Level 7.3 Fighting
 + Level 6.3 Polearms
 + Level 8.2 Armour
 + Level 2.7 Dodging
 + Level 6.6 Shields
 + Level 8.0 Invocations
 + Level 3.0 Evocations


You had 9 spell levels left.
You didn't know any spells.
Your spell library contained the following spells:

 Spells                   Type           Power      Damage    Failure   Level
 Freeze                   Ice            0%         1d3       99%         1
 Sandblast                Erth           0%         2d4       99%         1
 Passwall                 Tmut/Erth      0%         N/A       100%        2
 Frozen Ramparts          Ice            0%         1d1       100%        3
 Hailstorm                Conj/Ice       0%         3d3       100%        3
 Ozocubu's Armour         Ice            0%         N/A       100%        3
 Stone Arrow              Conj/Erth      0%         3d7       100%        3
 Summon Guardian Golem    Hex/Summ       0%         N/A       100%        3
 Brom's Barrelling Bould  Conj/Erth      0%         2d3       100%        4
 Orb of Destruction       Conj           0%         9d5       100%        7
 Ozocubu's Refrigeration  Ice            0%         4d7       100%        7
 Spellforged Servitor     Conj/Summ      0%         N/A       100%        7


Dungeon Overview and Level Annotations

Branches:
Dungeon (9/15)             Temple (0/1) D:7
   Lair: D:8-11         Orc: D:9-12

Altars:
Cheibriados
Dithmenos
Fedhas
Qazlal
Ru
Vehumet
Wu Jian
Xom

Shops:
D:1 :   D:7 **

Annotations:
D:8 2 transporters


Innate Abilities, Weirdness & Mutations

You have a pair of antennae on your head.
A weak demonic guardian rushes to your aid.
When hurt, damage is shared between your health and your magic reserves.
You regenerate magic rapidly.
You occasionally lose the ability to drink potions when taking damage.
You occasionally lose the ability to read scrolls when taking damage.


Message History

You kill the orange demon!
Qazlal accepts your kill. You block the hellwing's attack.
The hellwing closely misses you.
Your Invocations skill increases to level 8!
Your Evocations skill increases to level 3!
You barely miss the rust devil.
The rust devil is severely wounded.
You feel very sick. You block the rust devil's attack.
The hellwing hits you. x2
An ice devil comes into view.
You hit the rust devil.
The rust devil is severely wounded.
You feel very sick. The hellwing misses you. The hellwing hits you.
* * * LOW HITPOINT WARNING * * *
You block the rust devil's attack.
You feel much better.
You feel sick. You block the ice devil's attack. The rust devil hits you.
The rust devil corrodes you!
The hellwing hits you but does no damage.
The hellwing hits you.
You completely miss the rust devil.
The rust devil is severely wounded.
You feel sick.
The ice devil hits you but does no damage.
You block the rust devil's attack. The hellwing hits you! x2
You hit the rust devil but do no damage.
The rust devil is severely wounded.
You feel sick. The ice devil hits you!
* * * LOW HITPOINT WARNING * * *
The ice devil freezes you!
* * * LOW HITPOINT WARNING * * *
A demonic guardian appears!
You block the rust devil's attack.
The hellwing hits you but does no damage.
You block the hellwing's attack.
You feel very mighty all of a sudden.
You feel sick. The rust devil hits you. The rust devil corrodes you!
The ice devil hits you.
* * * LOW HITPOINT WARNING * * *
The ice devil freezes you!!
You die...

##..## {
#.†.#
##..#
#..#
#..#
##..#
#.§.# {
##..##
,3#@4.#
#.°44°##
#..4.##
#..###
###


You could see a hellwing, an ice devil (ally target), a rust devil and a
friendly rust devil (summoned).

Vanquished Creatures
  A two-headed ogre (D:8)
  A gargoyle (D:8)
  An orange demon (D:9)
  A troll (D:9)
  2 wyverns
  A steam dragon (D:7)
  A water moccasin (D:8)
  2 orc warriors (D:7)
  3 black bears
  An ice beast (D:8)
  3 ogres
  A phantom (D:4)
  3 centaurs
  3 kobold brigands (D:8)
  6 bullfrogs
  4 scorpions
  A gnoll sergeant (D:6)
  A wight (D:6)
  4 killer bees
  2 howler monkeys
  2 hounds
  3 jellies
  8 orc priests
  2 gnoll boudas
  Crazy Yiuf (D:4)
  3 iguanas
  2 sleepcaps (D:6)
  Ijyb (D:4)
  3 orc wizards
  7 adders
  9 gnolls (D:7)
  A white imp (D:6)
  An ufetubus (D:5)
  2 worms
  3 dart slugs
  24 orcs
  5 ball pythons
  6 endoplasms
  4 giant cockroaches
  9 goblins
  6 hobgoblins
  3 jackals (D:1)
  7 quokkas
  6 bats
  2 frilled lizards (D:2)
  23 kobolds
  2 rats
187 creatures vanquished.

Vanquished Creatures (collateral kills)
  An orc warrior (D:8)
  An orc (D:9)
  2 kobolds (D:8)
4 creatures vanquished.

Grand Total: 191 creatures vanquished

Notes
Turn   | Place    | Note
-------+----------+-------------------------------------------
     0 | D:1      | javelincjr the Demonspawn Fighter began the quest for the
                  | Orb.
     0 | D:1      | Reached XP level 1. HP: 18/18 MP: 1/1
    77 | D:1      | Found Widoim's Vocational Training.
   104 | D:1      | Gained mutation: A weak demonic guardian rushes to your
                  | aid. [demonic ancestry]
   104 | D:1      | Reached XP level 2. HP: 8/24 MP: 2/2
   433 | D:1      | Gained mutation: You regenerate magic rapidly. [demonic
                  | ancestry]
   433 | D:1      | Reached XP level 3. HP: 29/29 MP: 3/3
  1167 | D:2      | Found a faded altar of an unknown god.
  1178 | D:2      | Prayed at the altar of an unknown god.
  1178 | D:2      | Became a worshipper of Qazlal Stormbringer
  1178 | D:2      | Reached * piety under Qazlal
  1535 | D:2      | Gained mutation: When hurt, damage is shared between your
                  | health and your magic reserves. [demonic ancestry]
  1535 | D:2      | Reached XP level 4. HP: 34/35 MP: 4/4
  2361 | D:3      | Reached ** piety under Qazlal
  2975 | D:4      | Noticed an ogre
  2977 | D:4      | Noticed a phantom
  2992 | D:4      | Killed an ogre
  2992 | D:4      | Noticed a black bear
  2993 | D:4      | Reached skill level 1 in Invocations
  2993 | D:4      | Reached XP level 5. HP: 9/42 MP: 2/6
  3002 | D:4      | Killed a phantom
  3003 | D:4      | Reached XP level 6. HP: 13/48 MP: 3/7
  3375 | D:4      | Found a sacrificial altar of Ru.
  3376 | D:4      | Found a shimmering altar of Xom.
  3377 | D:4      | Found a blossoming altar of Fedhas.
  3377 | D:4      | Found a shadowy altar of Dithmenos.
  3556 | D:4      | Noticed Ijyb
  3575 | D:4      | Killed Ijyb
  3916 | D:4      | Found a runed translucent door.
  3917 | D:4      | Noticed Crazy Yiuf
  3924 | D:4      | Killed Crazy Yiuf
  3925 | D:4      | Reached XP level 7. HP: 47/55 MP: 9/9
  3995 | D:5      | Entered Level 5 of the Dungeon
  4022 | D:5      | Reached skill level 5 in Fighting
  4801 | D:7      | Reached XP level 8. HP: 62/62 MP: 11/11
  4861 | D:6      | Reached skill level 5 in Armour
  5030 | D:6      | Reached skill level 5 in Shields
  5030 | D:6      | Reached skill level 5 in Invocations
  5334 | D:6      | Reached *** piety under Qazlal
  5343 | D:6      | Reached skill level 5 in Polearms
  5471 | D:7      | Found Feul's General Store.
  5471 | D:7      | Found Nyitat's Specific Store.
  5508 | D:7      | Bought a potion of heal wounds for 55 gold pieces
  5523 | D:7      | Gained mutation: You have a pair of small antennae on your
                  | head. [demonic ancestry]
  5523 | D:7      | Reached XP level 9. HP: 61/69 MP: 11/13
  5795 | D:7      | Found a staircase to the Ecumenical Temple.
  6252 | D:7      | Found a snail-covered altar of Cheibriados.
  6253 | D:7      | Found a radiant altar of Vehumet.
  6255 | D:7      | Found an ornate altar of the Wu Jian Council.
  6328 | D:8      | Reached skill level 1 in Evocations
  6329 | D:8      | Reached **** piety under Qazlal
  6517 | D:8      | Reached skill level 1 in Dodging
  6562 | D:8      | Found a transporter.
  6562 | D:8      | Found a transporter.
  6566 | D:8      | Noticed a manticore
  6566 | D:8      | Noticed a tengu warrior
  6569 | D:8      | Noticed a cyclops
  6570 | D:8      | Noticed a gargoyle
  6577 | D:8      | Noticed an eight-headed hydra
  6596 | D:8      | Killed a gargoyle
  7309 | D:9      | Noticed a two-headed ogre
  7329 | D:8      | HP: 3/72 [two-headed ogre/+0 giant club (15)]
  7474 | D:8      | Killed a two-headed ogre
  7475 | D:8      | Gained mutation: You have a pair of antennae on your head.
                  | [demonic ancestry]
  7475 | D:8      | Reached XP level 10. HP: 21/79 MP: 3/15
  7981 | D:9      | Noticed a rust devil
  7982 | D:9      | Noticed an orange demon
  7987 | D:9      | Gained mutation: You occasionally lose the ability to read
                  | scrolls when taking damage. [a neqoxec]
  7990 | D:9      | Gained mutation: You occasionally lose the ability to drink
                  | potions when taking damage. [a neqoxec]
  7992 | D:9      | Killed an orange demon
  7998 | D:9      | Demolished by an ice devil

Illustrated notes

Levels and vault maps discovered:
D:1:      minmay_arrival_semitransparent, layout_basic, nicolae_shop_vocational
D:2:      layout_basic, ebering_ecumenical_altar_box, minmay_misc_feat_columns
D:3:      layout_loops_corners
D:4:      layout_loops_ring, chequers_temple_overflow_statue_of_worship,
          dk_noncrumbling_4, minmay_cupped, uniq_ijyb, uniq_crazy_yiuf_cottage
D:5:      layout_cave_pools, grunt_decor_fettered, minmay_manual_mares
D:6:      minmay_octagon_keep, layout_loops_cross, ebering_dispersal_statue_hall
D:7:      layout_cave_pools, mainiacjoe_overflow_alcove_3,
          minmay_temple_entry_junction, nicolae_specific_store,
          kennysheep_small_square
D:8:      gammafunk_sealed_arena, layout_basic
D:9:      layout_long_grid, nicolae_neqoxec_dot_bat

Skill      XL: |  1  2  3  4  5  6  7  8  9 10 |
---------------+-------------------------------+-----
Polearms       | 2 3 4 5 6 |  6.3
Armour         | 3 4 6 8 |  8.2
Shields        | 3 4 5 6 |  6.6
Fighting       | 4 5 6 7 |  7.3
Invocations    | 1 2 3 4 6 7 8 |  8.0
Evocations     | 2 3 |  3.0
Dodging        | 2 |  2.7

Action                     |  1- 3 |  4- 6 |  7- 9 | 10-12 || total
---------------------------+-------+-------+-------+-------++-------
  Melee: Trident           |   154 |   165 |   460 |    59 ||   838
  Throw: Boomerang         |       |       |    10 |       ||    10
 Invoke: Upheaval          |       |     1 |       |       ||     1
    Use: Potion            |       |       |     1 |     2 ||     3
   Stab: Distracted        |     1 |       |       |       ||     1
 Armour: Scale mail        |   130 |    62 |       |       ||   192
         Ring mail         |       |    16 |    49 |       ||    65
         Plate armour      |       |       |   344 |    60 ||   404
  Dodge: Dodged            |    91 |    50 |   166 |    19 ||   326
         Repelled          |       |       |     1 |       ||     1
  Block: Buckler           |    48 |    49 |    24 |    43 ||   164
         Orb               |       |       |    82 |       ||    82

Table legend: (Time is in decaauts)
 A = Elapsed time spent in this place.
 B = Non-inter-level travel time spent in this place.
 C = Inter-level travel time spent in this place.
 D = Time resting spent in this place.
 E = Time spent auto-exploring this place.
 F = Levels seen in this place.
 G = Mean time per level.
                   A        B        C        D        E       F      G
               +--------+--------+--------+--------+--------+-----+--------+
         Total |   8266 |   8055 |    211 |    409 |   5766 |   9 |  918.4 |
       Dungeon |   8266 |   8055 |    211 |    409 |   5766 |   9 |  918.4 |
               +--------+--------+--------+--------+--------+-----+--------+

Top non-repeatable levels by time:
     D:8: 1417 daAuts
     D:1: 1148 daAuts
     D:4: 1093 daAuts
     D:7: 962 daAuts
     D:3: 951 daAuts
     D:2: 866 daAuts
     D:5: 839 daAuts
     D:6: 631 daAuts
     D:9: 355 daAuts
